 Dungeon Crawl Stone Soup version 0.29.0-13-gc9e81de378 (webtiles) character file.

Game seed: 5063631426001456835

9 Angani the Ducker (level 2, -1/18 HPs)
             Began as a Deep Elf Abyssal Knight on Sept 7, 2022.
             Was a Believer of Lugonu.
             Slain by a gnoll
             ... wielding a +0 club
              (3 damage)
             ... on level 1 of the Dungeon.
             The game lasted 00:01:23 (707 turns).

Angani the Ducker (Deep Elf Abyssal Knight)          Turns: 707, Time: 00:01:24

Health: -1/18      AC:  7    Str: 10    XL:     2   Next: 3%
Magic:  5/5        EV: 12    Int: 14    God:    Lugonu [**....]
Gold:   10         SH:  0    Dex: 15    Spells: 1/1 levels left

rFire   . . .      SeeInvis .     - Unarmed
rCold   . . .      Faith    .   (no shield)
rNeg    . . .      Spirit   .   b - +3 leather armour
rPois   .          Reflect  .   (no helmet)
rElec   .          Harm     .   (no cloak)
rCorr   .          Rampage  .   (no gloves)
Will    .....                   a - +0 pair of boots
Stlth   +.........              (no amulet)
HPRegen 0.06/turn               (no ring)
MPRegen 0.09/turn               (no ring)

@: no status effects
A: no striking features
a: Renounce Religion, Depart the Abyss, Bend Space


You were on level 1 of the Dungeon.
You worshipped Lugonu.
Lugonu was pleased with you.
You visited 1 branch of the dungeon, and saw 1 of its levels.
You visited the Abyss 1 time.

You collected 10 gold pieces.

Inventory:

Armour
 a - a +0 pair of boots (worn)
 b - a +3 leather armour (worn)


   Skills:
 - Level 2.4 Fighting
 - Level 0.7 Armour
 + Level 2.8 Dodging
 + Level 1.8 Unarmed Combat
 + Level 2.3 Invocations


You had one spell level left.
You didn't know any spells.
Your spell library was empty.

Dungeon Overview and Level Annotations

Branches:
Dungeon (1/15)

Altars:


Message History

The gnoll is lightly wounded.
You barely miss the gnoll.
The gnoll is lightly wounded.
The gnoll hits you with a +0 club.
You hit the gnoll.
The gnoll is lightly wounded.
The gnoll hits you with a +0 club.
You closely miss the gnoll.
The gnoll is lightly wounded.
The gnoll hits you with a +0 club.
You completely miss the gnoll.
The gnoll is lightly wounded.
The gnoll hits you but does no damage.
You hit the gnoll.
The gnoll is moderately wounded.
The gnoll hits you but does no damage.
You hit the gnoll.
The gnoll is heavily wounded.
The gnoll hits you with a +0 club.
You hit the gnoll but do no damage.
The gnoll is heavily wounded.
The gnoll hits you but does no damage.
You hit the gnoll.
The gnoll is severely wounded.
The gnoll hits you with a +0 club.
You closely miss the gnoll.
The gnoll is severely wounded.
The gnoll barely misses you.
You hit the gnoll.
The gnoll is severely wounded.
The gnoll hits you with a +0 club.
* * * LOW HITPOINT WARNING * * *
You hit the gnoll but do no damage.
The gnoll is severely wounded.
The gnoll hits you with a +0 club.
* * * LOW HITPOINT WARNING * * *
You hit the gnoll but do no damage.
The gnoll is severely wounded.
The gnoll hits you with a +0 club.
You die...

...# ##.# ###############
##.################..............
.......†............########.....
...#..#############.# #.####
##.#..# #.# #[# ......###### #.#
#.#
##.....#...########.########.##
..............lg@.............###
#.##..####....#####.............#
#.##..# ###### #.....<....##.#
#.##g.# #..........# .# .....##
#.............. #.####
#....8....###.# #g# #...♣.....# #
#l# #.........# #.# #.........#


You could see a gnoll and a frilled lizard.

Vanquished Creatures
  An endoplasm (D:1)
  4 jackals (D:1)
  A quokka (D:1)
  A ball python (D:1)
7 creatures vanquished.

Notes
Turn   | Place    | Note
-------+----------+-------------------------------------------
     0 | Abyss:1  | Angani the Deep Elf Abyssal Knight began the quest for the
                  | Orb.
     0 | Abyss:1  | Reached XP level 1. HP: 13/13 MP: 4/4
    26 | Abyss:1  | Noticed a small abomination
    27 | Abyss:1  | Noticed an apocalypse crab
    37 | Abyss:1  | Noticed an apocalypse crab
    38 | D:1      | Escaped the Abyss
   637 | D:1      | Reached XP level 2. HP: 18/18 MP: 5/5
   707 | D:1      | Slain by a gnoll

Illustrated notes

Levels and vault maps discovered:
D:1:      wander_arrival_lonely_grave, layout_basic, hex_large

Action                   || total
-------------------------++-------
Melee: Unarmed           ||    69
       Punch             ||     1
  Use: Scroll            ||     1
Armor: Leather armour    ||    29
Dodge: Dodged            ||    36
